AoeStats
← Oscar Romaci

Arabia

507615741Analyzed
1v1 RM · 12d ago on Sep 19, 2026· 54m 47s· 2 players
Game mode
Random Map
Map size
Tiny (2 player)
Population
200
Speed
Normal
Resources
Standard
Victory
Conquest
Starting age
Dark Age
Ending age
Imperial Age
RankedLock teamsTeams togetherTeam positionsShared explorationLock speedFull tech treeHidden civsTurbo modeCheats
Victory
Defeat
🇺🇸 Burgundians · United States
367
+12
🇲🇽 Malians · Mexico
272
-12
Oscar Romaci
12:08 Feudal Age
13:55 Stone Mining
15:00 Wheelbarrow
14:16 Double-Bit Axe
27:26 Castle Age
25:36 Gold Mining
26:34 Fletching
29:31 Bow Saw
32:24 Gold Shaft Mining
32:53 Hand Cart
35:36 Stone Shaft Mining
37:43 Bodkin Arrow
37:50 Heated Shot
42:58 Imperial Age
43:52 Ballistics
43:14 Treadmill Crane
43:46 Masonry
43:53 Forging
43:45 Scale Mail Armor
43:46 Padded Archer Armor
44:13 Arson
44:29 Squires
49:24 Town Watch
53:42 Chemistry
RealtreeDaddy
11:58 Feudal Age
11:44 Horse Collar
11:53 Double-Bit Axe
12:47 Wheelbarrow
14:31 Scale Mail Armor
14:43 Scale Barding Armor
16:04 Forging
19:30 Castle Age
18:30 Gold Mining
18:31 Stone Mining
20:46 Bow Saw
23:09 Hand Cart
22:40 Town Watch
25:37 Cavalier
26:25 Husbandry
33:00 Light Cavalry
35:32 Gold Shaft Mining
35:33 Stone Shaft Mining
39:49 Imperial Age
41:13 Elite Coustillier
44:13 Chain Barding Armor
44:08 Chain Mail Armor
44:06 Forging
44:40 Paladin
52:51 Burgundian Vineyards
Connection lost

Rejoining the realm…

Still unreachable

The connection could not be restored.

Session expired

The server has moved on; the page needs a fresh start.